 Dungeon Crawl Stone Soup version 0.29-a0-360-g8ed1089bbe (webtiles) character file.

Game seed: 10193973234327366287

10 ytrimaz the Sneak (level 2, 0/19 HPs)
             Began as an Octopode Brigand on Apr 28, 2022.
             Slain by a jackal (2 damage)
             ... on level 1 of the Dungeon.
             The game lasted 00:00:29 (470 turns).

ytrimaz the Sneak (Octopode Brigand)                 Turns: 470, Time: 00:00:29

Health: 0/19       AC:  1    Str: 10    XL:     2   Next: 20%
Magic:  2/2        EV: 12    Int: 13    God:
Gold:   12         SH:  0    Dex: 13    Spells: 1/1 levels left

rFire   . . .      SeeInvis .   a - +2 dagger
rCold   . . .      Faith    .   (no shield)
rNeg    . . .      Spirit   .   (helmet restricted)
rPois   .          Reflect  .   (no amulet)
rElec   .          Harm     .   (no ring)
rCorr   .          Rampage  .   (no ring)
Will    .....                   (no ring)
Stlth   ++++......              (no ring)
HPRegen 0.06/turn               (no ring)
MPRegen 0.08/turn               (no ring)
                                (no ring)
                                (no ring)

@: no status effects
A: almost no armour, amphibious, 8 rings, camouflage 1, gelatinous body 1,
(nimble swimmer 1), tentacles
a: no special abilities


You were on level 1 of the Dungeon.
You visited 1 branch of the dungeon, and saw 1 of its levels.

You collected 12 gold pieces.

Inventory:

Hand Weapons
 a - a +2 dagger (weapon)
Missiles
 b - 7 poisoned darts (quivered)
 c - 3 curare-tipped darts
Scrolls
 d - a scroll of enchant weapon {unknown}
 e - a scroll of amnesia {unknown}


   Skills:
 - Level 2.0 Fighting
 - Level 2.0 Short Blades
 - Level 2.0 Throwing
 - Level 1.0 Dodging
 * Level 6.1 Stealth


You had one spell level left.
You didn't know any spells.
Your spell library was empty.

Dungeon Overview and Level Annotations

Branches:
Dungeon (1/15)

Altars:


Innate Abilities, Weirdness & Mutations

You cannot wear most types of armour.
You are amphibious.
You can wear up to eight rings at the same time.
Your skin changes colour to match your surroundings (Stealth+).
Your rubbery body absorbs attacks. (AC +1, EV +1)
((You are camouflaged when in or above water. (Stealth+)))
You have tentacles for arms and can constrict up to eight enemies at once.


Message History

You constrict the jackal.
You kill the jackal!
The jackal misses you. The ball python bites you. The ball python grabs you.
The ball python constricts you.
You hit the ball python.
You kill the ball python!
The jackal bites you. The jackal barely misses you. The jackal bites you.
The jackal closely misses you. The jackal attacks as you move away!
The jackal bites you. The quokka misses you. The quokka barely misses you.
The jackal closely misses you.
There is an open door here.
The jackal attacks as you move away! The jackal bites you.
The quokka attacks as you move away! The quokka bites you.
You aren't carrying any potions.
Okay, then.
Unknown command.
You are too injured to fight recklessly!
Unknown command.
You barely miss the jackal. You grab the jackal.
You squeeze the jackal, but do no damage.
You constrict the jackal. The jackal bites you.
Throw: 9 darts (poison)
Press: ? - help, Q - select action, (/) - cycle Shift-Dir - straight line, f - jackal
Aim: a jackal (heavily wounded, constricted by you, 86% to hit)
You throw a poisoned dart.
The poisoned dart barely misses the jackal.
The poisoned dart closely misses the quokka.
You constrict the jackal.
The jackal escapes!
The jackal bites you.
* * * LOW HITPOINT WARNING * * *
Throw: 8 darts (poison)
Press: ? - help, Q - select action, (/) - cycle Shift-Dir - straight line, f/p - jackal
Aim: a jackal (almost dead, 51% to hit)
You throw a poisoned dart.
The poisoned dart barely misses the jackal.
The quokka bites you.
* * * LOW HITPOINT WARNING * * *
The jackal bites you.
You die...

........†....#
.....$.......#
.............#
.......†.....#
.............#..
................
.......Jh...##.#
#######r######.#
#....@h.....(
#............
#............#
#............#
#............####
###.............#
#.............#
#.............#
#######.............#


You could see an endoplasm, a quokka and 2 jackals.

Vanquished Creatures
  An endoplasm (D:1)
  A giant cockroach (D:1)
  A hobgoblin (D:1)
  A jackal (D:1)
  A kobold (D:1)
  A ball python (D:1)
  2 bats (D:1)
  2 rats (D:1)
10 creatures vanquished.

Notes
Turn   | Place    | Note
-------+----------+-------------------------------------------
     0 | D:1      | ytrimaz the Octopode Brigand began the quest for the Orb.
     0 | D:1      | Reached XP level 1. HP: 14/14 MP: 1/1
    86 | D:1      | Reached XP level 2. HP: 3/19 MP: 2/2
    88 | D:1      | Reached skill level 6 in Stealth
   470 | D:1      | Slain by a jackal

Illustrated notes

Levels and vault maps discovered:
D:1:      ncdulo_wetmaze, layout_basic, ebering_ecumenical_altar_box

Skill      XL: |  1  2 |
---------------+-------+-----
Stealth        | 6 |  6.1
Fighting       | |  2.0
Short Blades   | |  2.0
Throwing       | |  2.0
Dodging        | |  1.0

Action                   || total
-------------------------++-------
Melee: Dagger            ||    24
       Tentacles         ||     6
       Constrict         ||     5
Throw: Dart              ||     2
 Stab: Sleeping          ||     1
Armor: Skin              ||     8
Dodge: Dodged            ||    35

Table legend: (Time is in decaauts)
 A = Elapsed time spent in this place.
 B = Non-inter-level travel time spent in this place.
 C = Inter-level travel time spent in this place.
 D = Time resting spent in this place.
 E = Time spent auto-exploring this place.
 F = Levels seen in this place.
 G = Mean time per level.
                   A        B        C        D        E       F      G
               +--------+--------+--------+--------+--------+-----+--------+
         Total |    467 |    467 |      0 |    274 |    127 |   1 |  467.0 |
       Dungeon |    467 |    467 |      0 |    274 |    127 |   1 |  467.0 |
               +--------+--------+--------+--------+--------+-----+--------+

Top non-repeatable levels by time:
     D:1: 467 daAuts
